AoeStats
← tom

Golden Pit

508288162Analyzed
1v1 RM · 11d ago on Sep 21, 2026· 39m 24s· 2 players
Game mode
Random Map
Map size
Tiny (2 player)
Population
200
Speed
Normal
Resources
Standard
Victory
Conquest
Starting age
Dark Age
Ending age
Imperial Age
RankedLock teamsTeams togetherTeam positionsShared explorationLock speedFull tech treeHidden civsTurbo modeCheats
Victory
Defeat
🇱🇻 Japanese · Latvia
738
+18
🇵🇪 Portuguese · Peru
786
-18
EDGE777
9:50 Feudal Age
10:18 Double-Bit Axe
10:16 Horse Collar
12:04 Loom
21:20 Gold Mining
25:43 Castle Age
23:48 Fletching
27:25 Heavy Plow
27:38 Bow Saw
33:39 Stone Mining
41:43 Imperial Age
tom
6:54 Loom
10:00 Feudal Age
10:02 Man-at-Arms
13:29 Arson
18:04 Wheelbarrow
22:06 Castle Age
20:07 Double-Bit Axe
25:45 Husbandry
25:58 Fletching
26:14 Scale Barding Armor
27:00 Wheelbarrow
27:36 Elite Skirmisher
29:00 Hand Cart
31:46 Forging
31:38 Scale Mail Armor
33:16 Murder Holes
33:42 Ballistics
35:10 Squires
39:19 Imperial Age
38:40 Gold Mining
38:40 Stone Mining
39:32 Iron Casting
39:13 Chain Mail Armor
40:22 Conscription
Connection lost

Rejoining the realm…

Still unreachable

The connection could not be restored.

Session expired

The server has moved on; the page needs a fresh start.